 Dungeon Crawl Stone Soup version 0.21.1-1-g345015fe64 (webtiles) character file.

54 Knicklaso the Grave Robber (level 3, 0/26 HPs)
             Began as a Hill Orc Necromancer on Apr 21, 2018.
             Slain by a leopard gecko (4 damage)
             ... on level 2 of the Dungeon.
             The game lasted 00:06:00 (1896 turns).

Knicklaso the Grave Robber (Hill Orc Necromancer)   Turns: 1896, Time: 00:06:00

Health: 0/26       AC:  2    Str: 10    XL:     3   Next: 91%
Magic:  4/6        EV: 12    Int: 16    God:
Gold:   48         SH:  0    Dex: 11    Spells: 4/6 levels left

rFire    . . .     SeeInvis .   j - +2 short sword (speed)
rCold    . . .     Gourm    .   (no shield)
rNeg     . . .     Faith    .   a - +0 robe
rPois    .         Spirit   .   (no helmet)
rElec    .         Reflect  .   (no cloak)
rCorr    .         Harm     .   (no gloves)
MR       .....                  (no boots)
Stlth    ++........             (no amulet)
HPRegen  0.08/turn              (no ring)
MPRegen  0.10/turn              (no ring)

@: no status effects
A: no striking features
a: no special abilities


You were on level 2 of the Dungeon.
You were not hungry.

You visited 1 branch of the dungeon, and saw 2 of its levels.

You collected 48 gold pieces.

Inventory:

Hand Weapons
 j - a +2 short sword of speed (weapon)
Armour
 a - a +0 robe (worn)
Scrolls
 e - a scroll of remove curse {unknown}
 f - a scroll of identify {unknown}
 g - a scroll of immolation {unknown}
 h - a scroll of enchant armour {unknown}
 k - a scroll of blinking {unknown}
 m - a scroll of teleportation {unknown}
Potions
 d - a potion of ambrosia {unknown}
 i - a potion of heal wounds {unknown}
Books
 b - a book of Necromancy

   Spells                             Type                      Level
   a - Pain                           Necromancy                   1
   b - Animate Skeleton               Necromancy                   1
   c - Vampiric Draining              Necromancy                   3
   d - Regeneration                   Charms/Necromancy            3
   e - Animate Dead                   Necromancy                   4
   f - Borgnjor's Vile Clutch         Necromancy/Earth             5
Comestibles
 c - 4 rations
 l - 5 chunks of flesh


   Skills:
 - Level 1.5 Dodging
 - Level 1.5 Stealth
 + Level 2.1 Spellcasting
 * Level 5.0 Necromancy


You had 4 spell levels left.
You knew the following spells:

 Your Spells              Type           Power        Failure   Level  Hunger
a - Pain                  Necr           ###.         2%          1    #......
b - Animate Skeleton      Necr           N/A          2%          1    #......


Dungeon Overview and Level Annotations

Branches:
Dungeon (2/15)

Altars:


Message History

Press: ? - help, Shift-Dir - straight line, f - leopard gecko
Aim: a leopard gecko (clinging, chance to defeat MR: 87%)
The leopard gecko barely resists.
Your bat skeleton barely misses the leopard gecko.
The leopard gecko bites you.
* * * LOW HITPOINT WARNING * * *
Your bat skeleton hits the leopard gecko but does no damage.
Your adder skeleton closely misses the leopard gecko.
The leopard gecko barely misses you.
Casting: Pain
Confirm with . or Enter, or press ? or * to list all spells.
Aiming: Pain
Press: ? - help, Shift-Dir - straight line, f/p - leopard gecko
Aim: a leopard gecko (clinging, chance to defeat MR: 87%)
The leopard gecko barely resists.
Your bat skeleton barely misses the leopard gecko. x2
Your adder skeleton bites the leopard gecko.
Your bat skeleton closely misses the leopard gecko.
The leopard gecko bites you.
You die...

#.......#.#####.
#.....#.#.#####. #
...#...#.#...#. ####.
.......#.(...+. .....
##.#...#.....## ......
#+# #.#.........#
......##Z###...........#
#.......Zl.........#...#
#.......@####......#...#
#........# #......#...#
#........# #......#...#
#........# #[.....#####
#........# #........
#........# #......### #
########## #####..# #
..># . ## ##


You could see a leopard gecko, a friendly bat skeleton and a friendly adder
skeleton.

Vanquished Creatures
  An adder (D:2)
  A worm (D:2)
  2 dart slugs
  2 giant cockroaches (D:1)
  2 goblins
  5 hobgoblins
  4 jackals (D:1)
  A ball python (D:1)
  4 bats
  A frilled lizard (D:1)
  2 kobolds
  2 rats (D:1)
27 creatures vanquished.

Vanquished Creatures (collateral kills)
  An adder (D:2)
  A bat (D:1)
  2 goblins
  2 kobolds (D:2)
6 creatures vanquished.

Grand Total: 33 creatures vanquished

Notes
Turn   | Place    | Note
-------+----------+-------------------------------------------
     0 | D:1      | Knicklaso the Hill Orc Necromancer began the quest for the Orb.
     0 | D:1      | Reached XP level 1. HP: 14/14 MP: 3/3
    18 | D:1      | Learned a level 1 spell: Animate Skeleton
   205 | D:1      | Reached XP level 2. HP: 4/20 MP: 1/4
  1206 | D:2      | Reached XP level 3. HP: 19/26 MP: 2/5
  1742 | D:2      | Reached skill level 5 in Necromancy
  1896 | D:2      | Slain by a leopard gecko

Skill      XL: |  1  2  3 |
---------------+----------+-----
Spellcasting   | 2 |  2.1
Necromancy     | 5 |  5.0
Dodging        | |  1.5
Stealth        | |  1.5

Action                   || total
-------------------------++-------
Melee: Unarmed           ||    40
       Short sword       ||     4
 Cast: Pain              ||    51
       Animate Skeleton  ||    13
  Eat: Chunk             ||     4
Armor: Robe              ||    17
Dodge: Dodged            ||    60
